 Dungeon Crawl Stone Soup version 0.30.1-11-g7821555f0a (webtiles) character file.

Game seed: 8172631541095009174

44982 pkoi the Black Belt (level 13, -13/99 HPs)
             Began as a Red Draconian Monk on Oct 30, 2023.
             Was a High Priest of Hepliaklqana.
             Mangled by a catoblepas (70 damage)
             ... on level 5 of the Lair of Beasts on Oct 31, 2023.
             The game lasted 00:30:06 (14806 turns).

pkoi the Black Belt (Red Draconian Monk)           Turns: 14806, Time: 00:30:07

Health: -13/99     AC: 14    Str: 19    XL:     13   Next: 99%
Magic:  19/19      EV:  2    Int: 17    God:    Hepliaklqana [*****.]
Gold:   795        SH:  0    Dex: 13    Spells: 17/20 levels left

rFire   + .          .
                       - Unarmed
rCold   . . .        (no shield)
rNeg    . . .        (body armour unavailable)
rPois   .            (helmet restricted)
rElec   .            B - +1 cloak
rCorr   .            (no gloves)
SInv    .            (no boots)
Will    .....        o - amulet of regeneration
Stlth   +++          j - +4 ring of protection
HPRegen 1.16/turn    d - +6 ring of strength
MPRegen 0.16/turn

%: no passive effects
@: sleeping
A: reduced essence, breathe fire, AC +8, unfitting armour, fire resistance 1,
cold-blooded
a: Breathe Fire, Renounce Religion, Recall Ancestor, Ancestor Identity,
Transference, Idealise


You were on level 5 of the Lair of Beasts.
You worshipped Hepliaklqana.
Hepliaklqana was extremely pleased with you.
You visited 3 branches of the dungeon, and saw 14 of its levels.

You collected 795 gold pieces.

Inventory:

Hand Weapons
 u - a +0 short sword of speed
 z - a +3 short sword of venom
 A - a +1 trident of venom
 G - the +10 long sword of the Ancient Coins {heavy, rF++ Dex-5}
   (You found it on level 1 of the Lair of Beasts)

   Dex:       It affects your dexterity (-5).
   rF:        It greatly protects you from fire.
Missiles
 l - 30 poisoned darts (quivered)
Armour
 b - an orb of light
 B - a +1 cloak (worn)
Jewellery
 d - a +6 ring of strength (right hand)
 j - a +4 ring of protection (left hand)
 o - an amulet of regeneration (around neck)
 v - a ring of protection from fire
 w - a ring of protection from cold
 E - a ring of flight
Wands
 t - a wand of polymorph (5)
 x - a wand of roots (5)
 C - a wand of light (6)
 D - a wand of flame (15)
Scrolls
 f - a scroll of amnesia
 g - 8 scrolls of teleportation
 i - a scroll of identify
 k - 5 scrolls of enchant weapon
 m - a scroll of fog
 n - a scroll of fear
 q - 2 scrolls of enchant armour
 y - a scroll of magic mapping
 F - a scroll of butterflies
 H - a scroll of blinking
 I - a scroll of brand weapon
Potions
 a - 12 potions of ambrosia
 c - 3 potions of heal wounds
 e - 2 potions of magic
 h - 8 potions of curing
 p - a potion of might
 r - 2 potions of lignification
 s - 6 potions of haste
 J - a potion of berserk rage


   Skills:
 - Level 9.3 Fighting
 - Level 9.2 Dodging
 + Level 5.3 Stealth
 + Level 17.9 Unarmed Combat
 - Level 4.1 Spellcasting
 - Level 4.2 Translocations
 - Level 9.0 Invocations


You had 17 spell levels left.
You knew the following spells:

 Your Spells              Type           Power      Damage    Failure   Level
a - Apportation           Tloc           36%        N/A       2%          1
b - Blink                 Tloc           36%        N/A       4%          2

Your spell library contained the following spells:

 Spells                   Type           Power      Damage    Failure   Level
 Lesser Beckoning         Tloc           36%        N/A       4%          2
 Momentum Strike          Conj/Tloc      20%        3d8       10%         2
 Beastly Appendage        Tmut           6%         N/A       16%         1
 Sandblast                Erth           6%         2d5       16%         1
 Summon Small Mammal      Summ           12%        N/A       16%         1
 Vhi's Electric Charge    Tloc/Air       20%        N/A       19%         3
 Ensorcelled Hibernation  Hex/Ice        6%         N/A       24%         2
 Passwall                 Tmut/Erth      2%         N/A       24%         2
 Poisonous Vapours        Pois/Air       6%         N/A       24%         2
 Wereblood                Tmut           3%         N/A       24%         2
 Call Canine Familiar     Summ           3%         N/A       43%         3
 Hailstorm                Conj/Ice       3%         3d3       43%         3
 Mephitic Cloud           Conj/Pois/Air  3%         N/A       43%         3
 Ozocubu's Armour         Ice            3%         N/A       43%         3
 Spider Form              Tmut/Pois      3%         N/A       43%         3
 Stone Arrow              Conj/Erth      6%         3d7       43%         3
 Summon Guardian Golem    Hex/Summ       3%         N/A       43%         3
 Swiftness                Air            3%         N/A       43%         3
 Ice Form                 Ice/Tmut       3%         N/A       83%         4
 Arcjolt                  Conj/Air       1%         1d11      99%         5
 Freezing Cloud           Conj/Ice/Air   1%         6-21      99%         5
 Metabolic Englaciation   Hex/Ice        1%         N/A       99%         5
 Plasma Beam              Fire/Air       1%         2x1d12    100%        6
 Simulacrum               Ice/Necr       1%         N/A       100%        6


Dungeon Overview and Level Annotations

Branches:
Dungeon (8/15)             Temple (1/1) D:4            Lair (5/5) D:8
  Swamp (0/4) Lair:2       Spider (0/4) Lair:2
  Slime: Lair:4-5

Altars:
Ashenzari
Cheibriados
Dithmenos
Elyvilon
Fedhas
Gozag
Hepliaklqana
Kikubaaqudgha
Makhleb
Nemelex Xobeh
Okawaru
Qazlal
Ru
Trog
Uskayaw
Vehumet
Wu Jian
Xom
Yredelemnul
Zin
The Shining One

Annotations:
D:6 1 runed translucent door, 2 transporters, js3's ghost, novice DECj
D:8 2 transporters, Psyche
Lair:3 exclusion: door


Innate Abilities, Weirdness & Mutations

Your life essence is reduced to manifest your ancestor. (-10% HP)
You can breathe blasts of fire.
Your fiery red scales are hard. (AC +8)
You cannot fit into any form of body armour.
Your flesh is heat resistant. (rF+)
You are cold-blooded and may be slowed by cold attacks.


Message History

Cipactli gestures at the wyvern while chanting.
The wyvern appears confused.
The wyvern bites Cipactli!
Cipactli is destroyed!
The catoblepas gores you!
You are engulfed in calcifying dust.
A hell rat comes into view.
The catoblepas gores you!!
The catoblepas breathes a plume of calcifying dust at you.
The blast of calcifying dust hits you. The dream sheep bites you.
You are engulfed in calcifying dust.
The wyvern bites you but does no damage.
The catoblepas gores you but does no damage.
The dream sheep bites you! The wyvern bites you.
The wyvern closely misses the dream sheep.
You are engulfed in calcifying dust.
The wyvern bites you!
The wyvern bites itself but does no damage.
The catoblepas gores you but does no damage.
You are engulfed in calcifying dust.
The wyvern bites you but does no damage.
The dream sheep bites you. The catoblepas gores you!
The wyvern bites you but does no damage.
The dream sheep bites you.
You turn to flesh and can move again.
Unknown command.
The dream sheep attacks as you move away!
The dream sheep completely misses you. The wyvern barely misses you.
The wyvern bites the catoblepas!
The dream sheep misses you.
The dream sheep ruffle their wool and motes of dream dust sparkle, to no effect.
Unknown command.
Something bites the dream sheep!
You feel a bit more experienced.
There is a stone staircase leading up here.
Unknown command.
Something barely misses the dream sheep.
The dream sheep shake their wool and sparkle.
You feel drowsy...
You fall asleep.
You stop ascending the stairs.
The wyvern completely misses you. The catoblepas gores you!!!
Ouch! That really hurt!
You die...

P..................#####..P..# #
.....................# ##....# ##
#..#.#†.#...###P...### ###.## #P
#..##.#####.# ###### #.# #.
#.#######...## #.## #.
....###P..#..# ##..###.
#.##........###### ##..##..P
...#.##.###.#P.#.########...##...
...).##.####...l@......†.#...##..
.#.....#..###P.Y#.###.†#..#.##...
........##....r#.## ##....#..Y.YR
##......^...[YYY.# #.P.##.P..Y.
.†....##.##.##..#### #.#.#.#.....
.....#.#.#...#rl#..####...#...#..
.............Y.......###.##..####
....#...............###...#..#
.........l....#(...)###..#.P..


You could see a catoblepas (drained), a wyvern, 2 dream sheep and a hell rat.

Vanquished Creatures
  5 hydras
  An anaconda (Lair:3)
  Erica (Lair:2)
  7 death yaks
  3 skysharks
  5 elephants (Lair:4)
  6 cane toads
  3 black mambas (Lair:5)
  3 torpor snails (Lair:3)
  Maggie (D:6)
  6 komodo dragons
  A queen bee (Lair:4)
  3 meliai (Lair:4)
  A polar bear (Lair:4)
  8 blink frogs
  2 dream sheep (Lair:5)
  5 culicivoras (Lair:2)
  36 yaks
  2 basilisks
  2 humans (D:8)
  11 water moccasins
  3 sky beasts
  A black bear (Lair:3)
  2 ice beasts
  An ogre (D:6)
  A centaur (D:6)
  14 wolves
  A phantom (D:5)
  2 kobold brigands
  8 bullfrogs
  A hexer (Lair:5)
  14 killer bees (Lair:4)
  A howler monkey (D:7)
  2 electric eels (Lair:3)
  3 hounds
  A gnoll bouda (D:7)
  2 iguanas (D:5)
  3 orc wizards
  2 sleepcaps (D:6)
  Natasha (D:4)
  4 gnolls
  7 adders
  A white imp (D:6)
  3 worms (D:3)
  8 orcs
  5 ball pythons
  6 endoplasms
  3 giant cockroaches
  6 goblins
  5 hobgoblins
  A jackal (D:3)
  3 quokkas
  4 bats
  2 frilled lizards (D:3)
  13 kobolds
  7 rats (D:1)
253 creatures vanquished.

Vanquished Creatures (collateral kills)
  3 death yaks
  A two-headed ogre (D:8)
  4 skysharks
  4 torpor snails
  7 cane toads
  5 komodo dragons
  A dream sheep (Lair:5)
  2 blink frogs (Lair:1)
  12 yaks
  A wyvern (Lair:1)
  A steam dragon (D:8)
  2 humans (D:8)
  4 water moccasins
  Duvessa (D:4)
  4 wolves
  A phantom (D:4)
  7 bullfrogs
  A scorpion (Lair:3)
  Dowan (D:4)
  5 killer bees (Lair:4)
  A hound (D:5)
  2 orc priests
  3 iguanas
  A sleepcap (D:4)
  2 orc wizards (D:5)
  Natasha (twice) (D:4)
  4 gnolls
  An adder (D:4)
  2 orcs (D:5)
  A ball python (D:3)
  A hobgoblin (D:3)
  A quokka (D:3)
  A training dummy (D:4)
  2 bats (D:3)
  7 kobolds
98 creatures vanquished.

Vanquished Creatures (others)
  8 hexers
8 creatures vanquished.

Grand Total: 359 creatures vanquished

Notes
Turn   | Place    | Note
-------+----------+-------------------------------------------
     0 | D:1      | pkoi the Draconian Monk began the quest for the Orb.
     0 | D:1      | Reached XP level 1. HP: 19/19 MP: 1/1
   128 | D:1      | Reached XP level 2. HP: 23/26 MP: 2/2
   499 | D:1      | Reached skill level 4 in Unarmed Combat
   881 | D:2      | Reached XP level 3. HP: 31/31 MP: 3/3
   901 | D:2      | Found a faded altar of an unknown god.
   906 | D:2      | Got Plato's Encyclopedia of Elsewhere
   910 | D:2      | Learned a level 1 spell: Apportation
  1424 | D:3      | Reached skill level 5 in Unarmed Combat
  1424 | D:3      | Reached XP level 4. HP: 32/38 MP: 4/4
  1573 | D:3      | You fall into a shaft and drop 1 floor!
  1573 | D:4      | Found a staircase to the Ecumenical Temple.
  1593 | Temple   | Entered the Ecumenical Temple
  1641 | Temple   | Became a worshipper of Hepliaklqana the Forgotten
  1641 | Temple   | Reached * piety under Hepliaklqana
  1641 | Temple   | Reached ** piety under Hepliaklqana
  1642 | Temple   | Remembered your ancestor Cipactli as a hexer
  2502 | D:3      | Reached XP level 5. HP: 40/40 MP: 5/5
  2757 | D:4      | Noticed Duvessa
  2757 | D:4      | Noticed Dowan
  2763 | D:4      | Killed Duvessa
  2764 | D:4      | Reached skill level 6 in Unarmed Combat
  2764 | D:4      | Reached XP level 6. HP: 46/46 MP: 6/6
  2766 | D:4      | Killed Dowan
  2821 | D:4      | Noticed Natasha
  2826 | D:4      | Killed Natasha
  3056 | D:4      | Noticed Natasha
  3066 | D:4      | Killed Natasha
  3110 | D:4      | Noticed Natasha
  3118 | D:4      | Killed Natasha
  3119 | D:4      | Your scales start taking on a fiery red colour.
  3119 | D:4      | Reached XP level 7. HP: 33/54 MP: 7/7
  3119 | D:4      | Gained mutation: Your flesh is heat resistant. (rF+) [Red
                  | Draconian growth]
  3669 | D:5      | Entered Level 5 of the Dungeon
  3723 | D:5      | Reached skill level 5 in Fighting
  4290 | D:5      | Found a burning altar of Makhleb.
  4315 | D:5      | Reached skill level 7 in Unarmed Combat
  4360 | D:5      | Reached *** piety under Hepliaklqana
  4805 | D:6      | Noticed Maggie
  4819 | D:6      | Killed Maggie
  4820 | D:6      | Reached skill level 5 in Dodging
  4820 | D:6      | Reached skill level 8 in Unarmed Combat
  4820 | D:6      | Reached XP level 8. HP: 49/63 MP: 8/8
  4932 | D:6      | Found a white marble altar of Elyvilon.
  5190 | D:6      | Found a runed translucent door.
  5191 | D:6      | Noticed js3's ghost (novice DECj)
  5370 | D:6      | Found a transporter.
  5373 | D:6      | Noticed a kobold demonologist
  5501 | D:6      | Found a transporter.
  5505 | D:6      | Learned a level 2 spell: Blink
  5574 | D:6      | Reached **** piety under Hepliaklqana
  5945 | D:7      | Reached skill level 1 in Spellcasting
  5945 | D:7      | Reached skill level 1 in Translocations
  6063 | D:7      | Reached XP level 9. HP: 67/67 MP: 10/12
  6128 | D:7      | Found a basalt altar of Yredelemnul.
  6129 | D:7      | Found a glowing silver altar of Zin.
  6130 | D:7      | Found a hide-covered altar of Uskayaw.
  6131 | D:7      | Found a shadowy altar of Dithmenos.
  6343 | D:7      | Reached skill level 9 in Unarmed Combat
  6589 | D:8      | Noticed a death yak
  6590 | D:8      | Noticed a death yak
  6590 | D:8      | Noticed a death yak
  6594 | D:8      | Noticed a death yak
  6597 | D:8      | Noticed a two-headed ogre
  6601 | D:8      | Reached skill level 1 in Invocations
  6602 | D:8      | Noticed a death yak
  6759 | D:7      | Killed a death yak
  6816 | D:7      | Killed a death yak
  6817 | D:7      | Reached skill level 10 in Unarmed Combat
  6874 | D:8      | Found the +2 hat of the Bear Spirit {Spirit, Bear, *Rage
                  | Will++}
  6946 | D:8      | Reached skill level 5 in Invocations
  7011 | D:8      | Reached XP level 10. HP: 73/74 MP: 14/14
  7029 | D:8      | Reached skill level 11 in Unarmed Combat
  7077 | D:8      | Found a transporter.
  7078 | D:8      | Noticed Psyche
  7106 | D:8      | Found a staircase to the Lair.
  7122 | D:7      | Killed a death yak
  7179 | D:8      | Noticed a cyclops
  7180 | D:8      | Noticed a cyclops
  7368 | D:8      | Found a transporter.
  7403 | D:8      | Killed a death yak
  7436 | D:8      | Killed a death yak
  7437 | D:8      | Reached skill level 12 in Unarmed Combat
  7457 | D:8      | Killed a two-headed ogre
  7593 | Lair:1   | Entered Level 1 of the Lair of Beasts
  7655 | Lair:1   | Noticed a cane toad
  7661 | Lair:1   | Killed a cane toad
  7678 | Lair:1   | Identified the +10 long sword of the Ancient Coins {heavy,
                  | rF++ Dex-5}
  7724 | Lair:1   | Reached XP level 11. HP: 80/80 MP: 17/17
  7846 | Lair:1   | Reached skill level 13 in Unarmed Combat
  8600 | Lair:1   | Found a broken altar of Ashenzari.
  9038 | Lair:1   | Reached skill level 14 in Unarmed Combat
  9183 | Lair:2   | Noticed a skyshark
  9269 | Lair:2   | Noticed a skyshark
  9275 | Lair:2   | Killed a skyshark
  9283 | Lair:2   | Noticed a skyshark
  9299 | Lair:2   | Killed a skyshark
  9493 | Lair:2   | Killed a skyshark
  9494 | Lair:2   | Reached XP level 12. HP: 30/90 MP: 18/18
  9691 | Lair:2   | Noticed Erica
  9697 | Lair:2   | Killed Erica
  9962 | Lair:2   | Found a hole to the Spider Nest.
 10088 | Lair:2   | Noticed a six-headed hydra
 10104 | Lair:2   | Killed a six-headed hydra
 10186 | Lair:2   | Noticed a five-headed hydra
 10282 | Lair:2   | Killed a five-headed hydra
 10427 | Lair:2   | Found a staircase to the Swamp.
 10429 | Lair:2   | Noticed a four-headed hydra
 10433 | Lair:2   | Killed a four-headed hydra
 10672 | Lair:3   | Reached skill level 15 in Unarmed Combat
 11124 | Lair:3   | Noticed an eight-headed hydra
 11292 | Lair:3   | Noticed a death yak
 11660 | Lair:3   | Killed an eight-headed hydra
 11665 | Lair:3   | Killed a death yak
 11691 | Lair:3   | Noticed an anaconda
 11699 | Lair:3   | Killed an anaconda
 11973 | Lair:3   | Noticed a six-headed hydra
 12166 | Lair:3   | Reached skill level 16 in Unarmed Combat
 12355 | Lair:4   | Reached XP level 13. HP: 99/99 MP: 19/19
 12663 | Lair:4   | Reached ***** piety under Hepliaklqana
 12841 | Lair:4   | Reached skill level 17 in Unarmed Combat
 13691 | Lair:4   | Reached skill level 1 in Stealth
 14169 | Lair:5   | Entered Level 5 of the Lair of Beasts
 14729 | Lair:5   | Reached skill level 5 in Stealth
 14806 | Lair:5   | Mangled by a catoblepas

Illustrated notes

Levels and vault maps discovered:
D:1:      doesnt_arrival_eight_statues, layout_basic
D:2:      layout_basic, shapermc_ecumenical_altar_rom_forum,
          minmay_crystal_water, minmay_liquid_box
D:3:      minmay_bubble_buster, layout_loops_ring
D:4:      dreamdust_elfheim, layout_basic, minmay_temple_entry_ruins,
          uniq_natasha
D:5:      layout_gridville, nicolae_overflow_hidden_temple
D:6:      gammafunk_wand_slinger, layout_basic, mainiacjoe_overflow_paths,
          ebering_ghost_reflecting_pool, corner_web_ring,
          minmay_misc_feat_cross, uniq_maggie
D:7:      layout_loops_ring, mainiacjoe_overflow_alcove_3
D:8:      gammafunk_the_bubble [the_bubble_gammafunk_grid], layout_cave_pools,
          dpeg_lair_monsters, minmay_ruffians, uniq_psyche
Temple:   hellmonk_temple_of_storms
Lair:1:   layout_gridlike, basic_altar, chequers_serial_rivers_large_b,
          lemuel_fruit_tree
Lair:2:   layout_chaotic_city, palyth_hydra_swamp_entry,
          hellmonk_spider_entry_life_and_decay, uniq_erica
Lair:3:   layout_loops_ring, nicolae_lair_lakeside_cave
Lair:4:   layout_layer_cave, special_room [special_room_bee], pond,
          grunt_megastairs_1
Lair:5:   hellmonk_lair_end_abyssal_woods, layout_loops_ring, slime_entry_1,
          special_room [special_room_mythical_zoo]

Skill      XL: |  1  2  3  4  5  6  7  8  9 10 11 12 13 |
---------------+----------------------------------------+-----
Unarmed Combat | 4 5 6 8 10 12 14 16 17 | 17.9
Dodging        | 3 5 6 7 9 |  9.2
Fighting       | 4 6 7 9 |  9.3
Spellcasting   | 2 3 4 |  4.1
Translocations | 2 3 4 |  4.2
Invocations    | 5 8 9 |  9.0
Stealth        | 5 |  5.3

Action                     |  1- 3 |  4- 6 |  7- 9 | 10-12 | 13-15 || total
---------------------------+-------+-------+-------+-------+-------++-------
  Melee: Unarmed           |    93 |    67 |   151 |   332 |   283 ||   926
         Tailslap          |    18 |    11 |    36 |    67 |    54 ||   186
         Trident           |       |    23 |     7 |       |       ||    30
         Long sword        |       |       |       |    26 |       ||    26
         Punch             |       |       |       |    27 |    37 ||    64
  Throw: Dart              |       |       |       |     2 |       ||     2
 Invoke: Ancestor Life: He |       |     1 |       |       |       ||     1
         Recall Ancestor   |       |       |     3 |    18 |     6 ||    27
         Idealise          |       |       |       |     1 |       ||     1
Ability: Breathe Fire      |       |       |     7 |    23 |    11 ||    41
    Use: Scroll            |       |       |    18 |     4 |     2 ||    24
   Stab: Confused          |       |     3 |     3 |     8 |     6 ||    20
         Distracted        |       |       |     1 |     7 |     6 ||    14
 Armour: Skin              |    29 |    19 |    55 |   132 |   119 ||   354
  Dodge: Dodged            |    43 |    42 |    86 |   314 |   265 ||   750
